Map: Nachtschatten LE

Players

Rain

  • Race: Terran Terran
  • League: Diamond
  • Spawn Location: 11:00

Ðióġeŋex - Winner!

  • Race: Protoss Protoss
  • League: Diamond
  • Spawn Location: 5:00

VOD

Have the link to the VOD?

Description

Time

  • Played on: March 28, 2020, 1:14 p.m.
  • Length: 16:24
Show
View Real Time Build Order
Export as new Build Order

Rain Terran 

Build Orders: Reaper Expand 

Get SALT Encoding   

  12  0:01  SCV  
  13  0:13  SCV  
  14  0:17  Supply Depot  
  14  0:25  SCV  
  15  0:39  SCV  
  15  0:40  Barracks  
  16  0:44  Refinery  
  16  0:51  SCV  
  17  1:03  SCV  
  18  1:15  SCV  
  19  1:31  Orbital Command  
  19  1:43  Reaper, Command Center  
  20  1:50  Supply Depot  
  20  1:57  SCV  
  21  2:09  SCV  
  21  2:14  Factory  
  22  2:20  Refinery  
  22  2:21  SCV  
  23  2:27  Barracks Reactor  
  23  2:33  SCV  
  24  2:45  SCV  
  25  2:56  Orbital Command  
  25  2:58  SCV, Factory Tech Lab  
  25  3:01  Starport  
  25  3:03  Marine x2  
  27  3:08  Bunker  
  27  3:10  SCV  
  28  3:22  SCV  
  32  3:34  SCV  
  32  3:35  Widow Mine x2  
  32  3:40  Medivac  
  36  3:43  SCV  
  36  3:46  SCV  
  38  3:55  SCV  
  39  3:56  Stimpack, Widow Mine x2  
  39  3:58  SCV, Supply Depot  
  39  3:59  Marauder  
  46  4:19  SCV x2  
  48  4:31  SCV x2, Barracks  
  48  4:32  Barracks  
  48  4:36  Factory Tech Lab  
  50  4:39  Supply Depot  
  50  4:43  SCV, Supply Depot  
  54  4:45  SCV, Starport Reactor  
  54  4:46  Supply Depot  
  54  4:47  Marauder  
  54  5:00  SCV  
  54  5:05  SCV  
  56  5:08  Marauder  
  56  5:12  SCV  
  56  5:13  Refinery  
  59  5:15  Refinery  
  59  5:17  SCV  
  62  5:22  Siege Tank  
  62  5:24  SCV  
  62  5:26  Medivac  
  62  5:27  Marine x2  
  68  5:29  Barracks Tech Lab  
  68  5:30  Marauder  
  68  5:33  Barracks x2  
  68  5:34  Medivac  
  72  5:51  Marauder  
  72  5:52  Marine x2  
  72  5:54  Combat Shield  
  76  6:13  Marauder  
  76  6:14  Command Center, Siege Tank  
  76  6:15  Supply Depot  
  76  6:16  SCV x2  
  76  6:17  Supply Depot x2  
  83  6:19  Supply Depot  
  83  6:22  Engineering Bay  
  83  6:34  Marauder  
  85  6:48  Terran Infantry Weapons Level 1  
  85  6:49  Engineering Bay  
  85  6:51  Barracks Tech Lab  
  85  6:55  Barracks Tech Lab  
  85  6:57  Siege Tank  
  85  6:59  Marauder x2, Marine x2  
  93  7:22  SCV x2  
  85  7:29  Siege Tank  
  88  7:34  SCV  
  88  7:46  Marauder x4  
  88  7:47  Marine x2  
  88  7:48  Medivac x2  
  88  7:50  Orbital Command  
  102  8:02  SCV x2  
  102  8:03  Siege Tank  
  107  8:07  Marauder x2  
  107  8:08  Marauder x2  
  115  8:14  SCV x2  
  108  8:26  SCV  
  107  8:28  Marine x3  
  107  8:29  Marine x3  
  107  8:32  Terran Infantry Armor Level 1  
  113  8:35  Barracks  
  113  8:36  Barracks  
  94  8:43  Orbital Command  
  94  8:46  Marine x3  
  94  8:47  Marine x3  
  100  8:48  Concussive Shells  
  100  8:49  Barracks  
  100  8:50  Barracks  
  100  8:51  Barracks  
  100  8:52  Engineering Bay  
  100  8:54  SCV x2  
  102  8:59  Medivac x2  
  106  9:04  Marine  
  106  9:06  SCV x2  
  106  9:08  Marine  
  106  9:09  Marine x4  
  112  9:18  SCV x2  
  112  9:22  Marine  
  115  9:24  Barracks Reactor  
  115  9:26  Marine x2  
  115  9:28  SCV  
  115  9:30  SCV x2  
  115  9:31  Barracks Reactor  
  120  9:40  SCV  
  120  9:42  SCV x2  
  100  9:53  SCV  
  100  9:54  SCV  
  87  10:00  Marine  
  87  10:01  Marine x7  
  87  10:02  Marauder  
  90  10:17  Barracks Reactor x2  
  90  10:18  Marine x2  
  90  10:24  SCV  
  87  10:29  Marauder x3  
  87  10:30  Marauder, Marine x3  
  88  10:36  Marine x2, Siege Tank  
  88  10:37  Liberator x2  
  95  10:48  Marine  
  94  10:50  Marauder  
  94  10:51  Marauder x2  
  94  10:52  Marine  
  94  11:10  Orbital Command  
  91  11:22  Refinery  
  91  11:23  Refinery  
  91  11:26  Supply Depot x2  
  91  11:46  Supply Depot  
  91  11:48  Medivac, Marauder x2, Marine x2, Siege Tank  
  91  11:49  Supply Depot  
  102  12:00  Starport  
  102  12:08  Marauder x2, Marine x4  
  110  12:10  Medivac, Marine x4  
  110  12:14  SCV x2  
  118  12:34  Command Center  
  118  12:35  Supply Depot  
  118  12:40  Marauder x3, Marine x2  
  118  12:41  Starport Reactor  
  126  12:57  Marine x4, Liberator  
  133  12:59  Ghost Academy  
  133  13:15  Marine  
  134  13:30  Marine  
  134  13:31  Marine  
  134  13:32  Marine x2  
  134  13:36  Marine  
  134  13:47  Armory  
  134  13:55  Ghost x2  
  134  13:56  Medivac, Marauder, Liberator  
  145  14:03  Orbital Command  
  145  14:12  Refinery  
  145  14:13  Ghost  
  145  14:14  Refinery  
  147  14:29  Supply Depot  
  147  14:43  Liberator x2  
  153  14:45  Supply Depot  
  153  14:51  Supply Depot  
  153  14:53  Liberator  
  153  14:58  Fusion Core  
  156  15:05  Medivac  
  158  15:26  Medivac x2  
  41  16:05  Marine x10  
  41  16:06  Marine  
Show
View Real Time Build Order
Export as new Build Order

Ðióġeŋex Protoss - Winner!

Build Orders: Blink Stalkers 

Get SALT Encoding   

  12  0:01  Probe  
  13  0:16  Pylon  
  13  0:18  Probe  
  14  0:30  Probe  
  15  0:36  Gateway  
  15  0:41  Assimilator  
  15  0:43  Probe (Chrono Boost)  
  16  0:53  Probe (Chrono Boost)  
  17  0:58  Probe (Chrono Boost)  
  18  1:09  Probe  
  19  1:21  Probe  
  20  1:27  Cybernetics Core  
  20  1:34  Probe (Chrono Boost)  
  21  1:45  Probe (Chrono Boost)  
  22  1:50  Probe (Chrono Boost)  
  22  1:51  Nexus  
  23  1:59  Assimilator  
  23  2:10  Pylon  
  23  2:15  Warp Gate  
  23  2:26  Stalker (Chrono Boost)  
  25  2:31  Probe  
  26  2:43  Probe  
  27  2:48  Adept  
  29  2:55  Probe  
  30  3:03  Twilight Council  
  31  3:05  Probe (Chrono Boost)  
  31  3:07  Probe (Chrono Boost)  
  32  3:18  Probe (Chrono Boost)  
  32  3:19  Probe (Chrono Boost)  
  34  3:21  Gateway  
  34  3:26  Probe x2 (Chrono Boost)  
  34  3:30  Pylon  
  36  3:35  Probe  
  36  3:36  Probe  
  36  3:37  Blink (Chrono Boost)  
  36  3:39  Gateway  
  38  3:47  Probe  
  38  3:48  Probe  
  40  3:54  Gateway  
  40  3:55  Gateway  
  40  4:04  Sentry  
  40  4:07  Probe  
  40  4:08  Probe  
  40  4:09  Shield Battery  
  44  4:19  Probe  
  44  4:20  Probe, Robotics Facility  
  46  4:37  Nexus  
  46  4:39  Pylon  
  46  4:44  Stalker  
  46  4:45  Stalker x2  
  52  4:46  Probe x2  
  54  4:58  Probe  
  54  4:59  Probe  
  56  5:15  Stalker x3  
  62  5:27  Pylon  
  62  5:31  Assimilator, Forge  
  62  5:33  Assimilator  
  62  5:39  Charge (Chrono Boost)  
  62  5:45  Probe x2  
  62  5:47  Pylon  
  64  5:50  Stalker x4  
  64  5:51  Pylon  
  64  5:56  Probe  
  73  5:57  Probe x2  
  75  6:05  Protoss Ground Weapons Level 1 (Chrono Boost)  
  75  6:07  Zealot  
  75  6:08  Probe  
  75  6:09  Probe  
  75  6:10  Immortal (Chrono Boost)  
  79  6:17  Probe  
  84  6:21  Probe x2  
  86  6:29  Probe  
  87  6:33  Probe x2  
  89  6:42  Probe, Photon Cannon, Observer (Chrono Boost)  
  89  6:43  Zealot x5  
  101  6:57  Pylon  
  101  7:08  Pylon  
  101  7:12  Probe x2  
  101  7:13  Observer (Chrono Boost)  
  101  7:15  Probe  
  103  7:17  Gateway  
  103  7:18  Gateway  
  103  7:19  Zealot x3  
  109  7:26  Probe  
  110  7:32  Immortal (Chrono Boost)  
  112  7:39  Zealot  
  112  7:40  Zealot  
  116  7:46  Pylon  
  116  7:47  Pylon  
  116  7:49  Pylon  
  116  8:06  Zealot x3  
  116  8:07  Zealot x2  
  118  8:21  Zealot x2  
  120  8:37  Protoss Ground Weapons Level 2 (Chrono Boost)  
  120  8:39  Zealot  
  120  8:40  Zealot x4  
  130  8:43  Probe x3  
  130  8:47  Immortal (Chrono Boost)  
  137  8:56  Nexus  
  137  8:57  Templar Archives  
  137  8:59  Pylon, Assimilator  
  137  9:01  Pylon  
  137  9:03  Gateway  
  137  9:04  Zealot, Gateway  
  137  9:05  Pylon, Zealot  
  139  9:23  Zealot  
  139  9:24  Zealot x5  
  151  9:37  Probe x2  
  119  10:13  Stalker  
  121  10:14  Stalker x6  
  131  10:31  Probe x3  
  134  10:37  High Templar  
  134  10:38  High Templar x6  
  148  10:43  Probe x2  
  150  10:53  Protoss Ground Armor Level 1 (Chrono Boost)  
  151  10:57  Probe x4  
  151  11:00  Assimilator  
  154  11:04  Robotics Facility  
  154  11:06  Archon x3  
  154  11:08  Pylon  
  154  11:09  Probe  
  154  11:10  Zealot  
  154  11:11  Zealot x6  
  167  11:12  Pylon  
  167  11:14  Pylon  
  169  11:18  Pylon  
  169  11:20  Probe  
  169  11:25  Pylon  
  170  11:28  Pylon  
  170  11:31  Robotics Facility  
  170  11:34  Gateway  
  170  11:37  Gateway  
  170  11:40  Zealot  
  170  11:41  Zealot x6  
  184  11:47  Gateway  
  184  11:48  Gateway  
  184  11:50  Gateway x2  
  184  12:10  Robotics Bay  
  184  12:21  Observer x2  
  184  12:22  Assimilator  
  186  12:23  Pylon  
  186  12:26  Pylon  
  186  12:27  Shield Battery x2  
  186  12:29  Photon Cannon  
  190  12:30  Photon Cannon  
  186  12:48  Photon Cannon  
  186  12:51  Nexus  
  186  12:52  Shield Battery  
  186  13:04  Extended Thermal Lance (Chrono Boost), Zealot x4  
  194  13:09  Colossus  
  194  13:12  Protoss Ground Weapons Level 3 (Chrono Boost)  
  194  13:19  Colossus  
  200  13:24  Psionic Storm  
  192  13:46  High Templar x3  
  196  14:01  Pylon  
  196  14:05  Pylon  
  196  14:17  Pylon  
  196  14:21  Assimilator  
  196  14:30  Pylon  
  196  14:32  High Templar  
  196  14:36  Warp Prism (Chrono Boost)  
  196  14:38  Pylon  
  200  14:50  Photon Cannon  
  200  14:53  Shield Battery  
  200  14:57  Shield Battery  
  200  14:59  Photon Cannon  
  200  15:01  Photon Cannon  
  200  15:03  Photon Cannon  
  200  15:07  Assimilator  
  200  15:08  Assimilator  
  198  15:39  Archon  
  135  16:06  Zealot  
  135  16:07  Zealot x3  
  135  16:08  Stalker x5  
Tags
 
Add a new tag
Caveats
  • Supply blocks, unpowered buildings, or Contaminate may cause inaccurate times.
  • Supply counts are checked every 10 seconds.